 Dungeon Crawl Stone Soup version 0.24.1-14-gf8d2b509d9 (webtiles) character file.

Game seed: 7635153049954552782, levelgen mode: deterministic

4100 Ejeck the Basher (level 10, -5/97 HPs)
             Began as a Minotaur Berserker on May 28, 2020.
             Was an Elder of Trog.
             Slain by a two-headed ogre
             ... wielding a +0 giant club
              (20 damage)
             ... on level 7 of the Dungeon.
             The game lasted 00:19:22 (7483 turns).

Ejeck the Basher (Minotaur Berserker)               Turns: 7483, Time: 00:19:22

Health: -5/97      AC: 15    Str: 21    XL:     10   Next: 6%
Magic:  0/12       EV:  8    Int:  4    God:    Trog [****..]
Gold:   487        SH:  0    Dex: 14    Spells: 9/9 levels left

rFire    + . .     SeeInvis .   H - +1 whip (freeze)
rCold    x . .     Gourm    .   (no shield)
rNeg     . . .     Faith    .   z - +1 plate armour
rPois    +         Spirit   +   (helmet restricted)
rElec    .         Reflect  .   I - +1 cloak
rCorr    .         Harm     .   (no gloves)
MR       ++...                  (no boots)
Stlth    ..........             m - amulet of guardian spirit
HPRegen  1.26/turn              d - ring of fire
MPRegen  0.13/turn              w - ring of poison resistance

@: regenerating, studying Fighting, drained
A: retaliatory headbutt, horns 2
a: Berserk, Trog's Hand, Brothers in Arms, Renounce Religion


You were on level 7 of the Dungeon.
You worshipped Trog.
Trog was greatly pleased with you.
You were hungry.

You visited 1 branch of the dungeon, and saw 8 of its levels.

You collected 487 gold pieces.

Inventory:

Hand Weapons
 a - a +0 mace
 F - a +4 whip
 H - a +1 whip of freezing (weapon)
Armour
 z - a +1 plate armour (worn)
 I - a +1 cloak (worn)
Jewellery
 d - a ring of fire (left hand)
 e - a +4 ring of intelligence
 m - an amulet of guardian spirit (around neck)
 n - a +2 amulet of reflection
 w - a ring of poison resistance (right hand)
Wands
 g - a wand of iceblast (23)
 l - a wand of paralysis (8)
 D - a wand of polymorph (10)
 G - a wand of digging (2)
 L - a wand of flame (29)
Scrolls
 h - a scroll of magic mapping
 j - a scroll of acquirement {unknown}
 k - 7 scrolls of identify
 r - 2 scrolls of amnesia {unknown}
 t - a scroll of enchant weapon {unknown}
 v - a scroll of immolation {unknown}
 x - 2 scrolls of teleportation
 E - a scroll of remove curse
 K - a scroll of random uselessness {unknown}
Potions
 b - a potion of magic {unknown}
 f - a potion of brilliance {unknown}
 i - 2 potions of resistance {unknown}
 o - 3 potions of lignification
 p - 2 potions of degeneration {unknown}
 q - 10 potions of curing
 s - 3 potions of heal wounds {unknown}
 u - 2 potions of flight {unknown}
 A - a potion of cancellation {unknown}
 B - a potion of mutation {unknown}
 C - a potion of agility {unknown}
 J - a potion of berserk rage {unknown}
Books
 y - a manual of Fighting
Comestibles
 c - 6 rations


   Skills:
 * Level 11.9(10.9) Fighting
 - Level 12.0(11.0) Maces & Flails
 + Level 6.2(5.3) Armour
 + Level 5.6(4.8) Dodging
 + Level 4.1(3.3) Evocations


You had 9 spell levels left.
You didn't know any spells.
Your spell library was empty.

Dungeon Overview and Level Annotations

Branches:
Dungeon (8/15)             Temple (0/1) D:7
   Lair: D:8-11

Altars:
Uskayaw


Innate Abilities, Weirdness & Mutations

You reflexively headbutt those who attack you in melee.
You have a pair of horns on your head.


Message History

You are feeling hungry.
You whack the two-headed ogre! You freeze the two-headed ogre.
You headbutt the two-headed ogre.
The two-headed ogre is heavily wounded.
You feel sick.
The two-headed ogre closely misses you. x2
You hit the two-headed ogre. You freeze the two-headed ogre.
The two-headed ogre is heavily wounded.
You hit the two-headed ogre. You freeze the two-headed ogre.
The two-headed ogre is severely wounded.
The two-headed ogre hits you with a +0 giant club!
* * * LOW HITPOINT WARNING * * *
The two-headed ogre hits you with a +0 giant spiked club.
* * * LOW HITPOINT WARNING * * *
You feel better.
You hit the two-headed ogre. You freeze the two-headed ogre.
The two-headed ogre is severely wounded.
The two-headed ogre hits you with a +0 giant club!
* * * LOW HITPOINT WARNING * * *
The two-headed ogre hits you with a +0 giant spiked club!!
You die...

...####### #.#
...<.....# ######.#
.........# #...##.#
.........# #...##.#
.........#####...##.#
..............#.###.#
.........##......##.#
.........##....#[##.#
####.######....#@##.##
#.# #....#O##..# ##
#.#### ###.##.###.# .#
#....### #..#(# #.#
.######...####[..# #.#
..## ###.?####..###.#
#..#### ##..####..##.#
##....## ##..# #..##.#
####..## ##.# #...#.##


You could see a two-headed ogre.

Vanquished Creatures
  Pikel (D:6)
  3 porcupines (D:8)
  An ice beast (D:6)
  A sky beast (D:7)
  An orc warrior (D:6)
  2 phantoms
  4 ogres
  2 centaurs (D:4)
  A crocodile (D:8)
  A big kobold (D:7)
  3 bullfrogs
  A water moccasin zombie (D:7)
  5 killer bees (D:7)
  16 wights
  2 howler monkeys
  4 crimson imps
  4 hounds
  A jelly (D:5)
  6 orc priests
  A bullfrog skeleton (D:7)
  A gnoll shaman (D:6)
  8 orc wizards
  Crazy Yiuf (D:7)
  Jessica (D:3)
  3 worker ants
  A worker ant zombie (D:7)
  4 gnolls (D:6)
  10 adders
  2 shadow imps
  2 oozes
  An adder zombie (D:5)
  An adder skeleton (D:8)
  6 worms
  3 dart slugs
  A leopard gecko (D:5)
  24 orcs
  2 giant cockroaches
  7 hobgoblins
  11 jackals
  2 quokkas (D:3)
  5 ball pythons
  9 bats
  3 frilled lizards
  10 goblins
  A jackal skeleton (D:6)
  10 kobolds
  A quokka skeleton (D:6)
  A quokka zombie (D:7)
  4 rats
195 creatures vanquished.

Vanquished Creatures (others)
  2 slaves (D:7)
  A scorpion (D:7)
  A killer bee (D:7)
  A hound (D:7)
  19 fungi (D:8)
  4 plants (D:8)
28 creatures vanquished.

Grand Total: 223 creatures vanquished

Notes
Turn   | Place    | Note
-------+----------+-------------------------------------------
     0 | D:1      | Ejeck the Minotaur Berserker began the quest for the Orb.
     0 | D:1      | Reached XP level 1. HP: 19/19 MP: 0/0
   116 | D:1      | Reached skill level 4 in Maces & Flails
   247 | D:1      | Reached XP level 2. HP: 23/26 MP: 1/1
   698 | D:2      | Reached skill level 5 in Maces & Flails
   768 | D:2      | Reached XP level 3. HP: 19/31 MP: 2/2
  1221 | D:2      | Reached ** piety under Trog
  1433 | D:3      | Reached skill level 6 in Maces & Flails
  1433 | D:3      | Reached XP level 4. HP: 30/39 MP: 3/3
  1477 | D:3      | Noticed Jessica
  1484 | D:3      | Killed Jessica
  1484 | D:3      | Reached skill level 7 in Maces & Flails
  1484 | D:3      | Reached XP level 5. HP: 39/45 MP: 4/4
  2394 | D:4      | Noticed an ogre
  2398 | D:4      | Killed an ogre
  2398 | D:4      | Reached skill level 8 in Maces & Flails
  2398 | D:4      | Reached XP level 6. HP: 51/51 MP: 5/5
  2413 | D:4      | Reached skill level 9 in Maces & Flails
  2714 | D:4      | Reached XP level 7. HP: 47/57 MP: 6/6
  2823 | D:4      | Reached skill level 10 in Maces & Flails
  2848 | D:4      | Reached *** piety under Trog
  3796 | D:5      | Entered Level 5 of the Dungeon
  3866 | D:5      | Reached skill level 11 in Maces & Flails
  3941 | D:5      | Reached XP level 8. HP: 19/64 MP: 2/7
  4498 | D:5      | Reached skill level 12 in Maces & Flails
  4512 | D:5      | Reached **** piety under Trog
  4570 | D:5      | Reached skill level 1 in Evocations
  4577 | D:5      | Reached skill level 5 in Fighting
  5191 | D:6      | Found a hide-covered altar of Uskayaw.
  5394 | D:6      | Reached XP level 9. HP: 57/81 MP: 6/9
  5746 | D:7      | Found a staircase to the Ecumenical Temple.
  5781 | D:7      | HP: 1/82 [wight/iceblast (11)]
  5798 | D:7      | Noticed Pikel
  5834 | D:6      | Killed Pikel
  5834 | D:6      | Reached skill level 10 in Fighting
  5834 | D:6      | Reached skill level 5 in Armour
  6411 | D:7      | Reached skill level 5 in Dodging
  6710 | D:7      | Found a runed translucent door.
  6711 | D:7      | Noticed Crazy Yiuf
  6718 | D:7      | Killed Crazy Yiuf
  7370 | D:8      | Reached XP level 10. HP: 87/97 MP: 9/12
  7442 | D:8      | Noticed a two-headed ogre
  7483 | D:7      | Slain by a two-headed ogre

Levels and vault maps discovered:
D:1:      dpeg_arrival_stonehenge_8_columns, layout_basic
D:2:      layout_basic
D:3:      kennysheep_the_goblin_king, layout_basic, first_ration, st_stairs_9,
          minmay_snake_closets, uniq_jessica
D:4:      layout_basic, minmay_manual_mares
D:5:      layout_rooms
D:6:      layout_loops_ring, eat_drink_and_be_merry_uskayaw
D:7:      layout_rooms, minmay_temple_entry_drinking_statues, uniq_pikel,
          uniq_crazy_yiuf_cottage
D:8:      layout_rooms, due_lair_maze_entry_diamond, serial_shops,
          nicolae_shop_stone, ebering_ghost_funeral_grove

Skill      XL: |  1  2  3  4  5  6  7  8  9 |
---------------+----------------------------+-----
Maces & Flails | 4 5 6 7 8 9 11 12 | 12.0
Fighting       | 7 11 | 11.9
Evocations     | 2 4 |  4.1
Armour         | 4 6 |  6.2
Dodging        | 3 5 |  5.6

Action                   |  1- 3 |  4- 6 |  7- 9 | 10-12 || total
-------------------------+-------+-------+-------+-------++-------
Melee: Mace              |    75 |   100 |   330 |       ||   505
       Headbutt          |    10 |    18 |    91 |     4 ||   123
       Whip              |       |       |   141 |    28 ||   169
Invok: Berserk           |       |     1 |     4 |       ||     5
       Trog's Hand       |       |       |     4 |     1 ||     5
  Use: Scroll            |       |       |     8 |       ||     8
       Potion            |       |       |       |     1 ||     1
  Eat: Ration            |     1 |     1 |     6 |       ||     8
Armor: Animal skin       |     7 |       |       |       ||     7
       Leather armour    |     9 |    14 |       |       ||    23
       Chain mail        |       |    14 |    28 |       ||    42
       Plate armour      |       |       |   233 |    14 ||   247
Dodge: Dodged            |    58 |    53 |   138 |    17 ||   266
